AoeStats
← mryendl2410

African Clearing

510319632Analyzed
4v4 RM · 10h ago on Sep 30, 2026· 49m 50s· 8 players
Game mode
Random Map
Map size
Large (8 player)
Population
200
Speed
Normal
Resources
Standard
Victory
Conquest
Starting age
Dark Age
Ending age
Imperial Age
RankedLock teamsTeams togetherTeam positionsShared explorationLock speedFull tech treeHidden civsTurbo modeCheats
Victory
Defeat
🇨🇳 Gurjaras · China
1354
+14
🇨🇴 Chinese · Colombia
1340
+14
🇦🇹 Varangians · Austria
1332
+14
🇦🇹 Berbers · Austria
1320
+15
🇻🇳 Spanish · Vietnam
1318
-15
🇦🇺 Lithuanians · Australia
1302
-14
🇻🇳 Malay · Vietnam
1297
-14
🇻🇳 Khmer · Vietnam
1291
-14
PowerP
11:43 Loom
11:58 Loom
13:44 Feudal Age
17:57 Castle Age
16:20 Scale Barding Armor
16:09 Town Watch
17:31 Bloodlines
21:09 Forging
25:05 Chain Barding Armor
25:38 Wheelbarrow
26:26 Husbandry
32:52 Hand Cart
33:25 Town Watch
35:19 Iron Casting
40:28 Imperial Age
39:49 Horse Collar
40:38 Cavalier
43:11 Heavy Plow
42:58 Double-Bit Axe
44:41 Conscription
44:47 Gold Mining
44:48 Stone Mining
48:54 Gold Shaft Mining
48:58 Crop Rotation
49:41 Plate Barding Armor
50:07 Blast Furnace
INK | LaPulga
2:53 Loom
12:08 Feudal Age
12:53 Town Watch
16:50 Castle Age
21:12 Fletching
22:35 Double-Bit Axe
23:49 Horse Collar
27:51 Bow Saw
28:29 Wheelbarrow
28:25 Bodkin Arrow
28:52 Padded Archer Armor
30:12 Heavy Plow
31:15 Hand Cart
31:27 Thumb Ring
36:46 Imperial Age
36:42 Ballistics
37:09 Leather Archer Armor
38:15 Bracer
38:47 Ring Archer Armor
39:23 Chemistry
38:59 Conscription
39:59 Elite Chu Ko Nu
MapleStory
5:07 Loom
13:14 Feudal Age
14:08 Double-Bit Axe
17:48 Castle Age
16:58 Horse Collar
17:39 Bloodlines
18:51 Bow Saw
24:41 Town Watch
25:57 Husbandry
25:52 Gold Mining
26:26 Heavy Plow
27:45 Wheelbarrow
28:35 Scale Barding Armor
31:26 Hand Cart
31:35 Forging
35:07 Imperial Age
33:46 Chain Barding Armor
34:02 Iron Casting
34:31 Town Patrol
35:43 Gold Shaft Mining
35:26 Heavy Camel Rider
36:49 Plate Barding Armor
36:37 Conscription
36:44 Siege Elephant
37:36 Stone Mining
40:12 Frontier Guards
42:02 Hoardings
41:15 Elite Shrivamsha Rider
47:47 Stone Shaft Mining
Future
12:20 Loom
14:10 Feudal Age
15:43 Double-Bit Axe
18:35 Castle Age
17:18 Stone Mining
21:38 Bow Saw
22:53 Wheelbarrow
24:58 Horse Collar
26:04 Scale Barding Armor
27:23 Heavy Plow
31:01 Forging
32:00 Gambesons
32:16 Squires
35:23 Imperial Age
33:48 Iron Casting
34:56 Scale Mail Armor
36:27 Conscription
37:08 Town Watch
37:38 Hand Cart
37:49 Fletching
38:09 Elite Varangian Guard
40:34 Chain Mail Armor
40:40 Masonry
42:03 Plate Mail Armor
42:24 Gold Mining
47:35 Crop Rotation
A Bá
4:24 Loom
14:02 Feudal Age
18:34 Castle Age
18:55 Gold Mining
20:49 Stone Mining
24:41 Horse Collar
25:52 Wheelbarrow
26:43 Husbandry
28:35 Fervor
31:06 Double-Bit Axe
33:27 Bow Saw
36:46 Hill Forts
39:50 Imperial Age
38:31 Hand Cart
38:45 Scale Barding Armor
38:50 Forging
39:06 Bloodlines
39:50 Heavy Plow
40:52 Chain Barding Armor
41:12 Conscription
40:44 Elite Leitis
44:01 Town Watch
45:59 Forging
46:44 Pikeman
47:24 Squires
Súc Vật Du Phong
3:25 Loom
13:29 Feudal Age
16:56 Castle Age
14:54 Double-Bit Axe
20:30 Husbandry
23:48 Horse Collar
26:10 Gold Mining
35:39 Gold Shaft Mining
34:54 Stone Mining
36:03 Bow Saw
41:53 Imperial Age
40:00 Wheelbarrow
41:45 Fletching
42:36 Wheelbarrow
43:07 Elite Skirmisher
47:51 Padded Archer Armor
47:46 Bodkin Arrow
49:57 Ballistics
50:19 Bodkin Arrow
piecardinap
3:28 Loom
14:12 Feudal Age
18:13 Castle Age
20:08 Stone Mining
20:10 Gold Mining
20:32 Double-Bit Axe
24:15 Wheelbarrow
25:26 Horse Collar
28:43 Gold Mining
30:51 Scale Barding Armor
31:51 Ballistics
31:40 Fletching
36:32 Imperial Age
35:15 Bow Saw
36:13 Bloodlines
36:04 Husbandry
39:54 Conscription
41:23 Elite Conquistador
43:14 Stone Shaft Mining
43:08 Chain Barding Armor
mryendl2410
11:31 Loom
13:44 Feudal Age
14:41 Feudal Age
14:52 Double-Bit Axe
16:20 Wheelbarrow
20:40 Castle Age
18:52 Fishing Lines
19:06 Gold Mining
21:59 Fletching
22:59 Bodkin Arrow
23:12 Padded Archer Armor
22:56 Crossbowman
25:23 Ballistics
24:55 Town Watch
24:56 Horse Collar
27:55 Leather Archer Armor
28:10 Bow Saw
34:34 Imperial Age
32:25 Heavy Plow
32:55 Thumb Ring
34:03 Gold Shaft Mining
34:34 Bracer
37:24 Chemistry
36:07 Arbalester
37:38 Town Patrol
38:50 Ring Archer Armor
38:42 Capped Ram
42:39 Elite Skirmisher
Connection lost

Rejoining the realm…

Still unreachable

The connection could not be restored.

Session expired

The server has moved on; the page needs a fresh start.